[Event "Czech Open-Rapid 2022"]
[Site "Pardubice"]
[Date "2022.07.21"]
[Round "6.42"]
[White "Meszaros, Ludek"]
[Black "Juchelka, Marek"]
[Result "0-1"]
[ECO "D02"]
[WhiteElo "2049"]
[BlackElo "1803"]
[Annotator "TA"]
[PlyCount "102"]
[EventDate "2022.07.20"]
[EventType "swiss"]
[EventCountry "CZE"]
[SourceTitle "playchess.com"]
[Source "ChessBase"]
[SourceQuality "1"]
[TimeControl "1200+10"]

1. d4 d5 2. Nf3 e6 3. c4 f5 4. Bf4 Nf6 5. Nc3 Bd6 6. e3 c6 7. Bxd6 Qxd6 8. Bd3 {[%emt 0:00:05] A84: Dutch Defence: 2 c4 Miscellaneous.} Nbd7 ({Black should play} 8... O-O $14) 9. Qc2 Ne4 10. O-O {[%emt 0:00:22] White is slightly better.} O-O 11. Rac1 a6 {[%emt 0:00:21] [#]} 12. c5 $146 ({Predecessor:} 12. Ne2 Kh8 13. b3 h6 14. Nh4 Rf7 15. cxd5 cxd5 16. Qc7 Qxc7 17. Rxc7 Ne5 18. Rxc8+ Rxc8 19. dxe5 {1-0 (51) Hoang,T (2323)-Nguyen,T (2054) Ba Dinh 2018}) 12... Qc7 13. b4 e5 14. dxe5 Nxe5 15. Nxe5 Qxe5 16. Ne2 Bd7 17. a4 Rf6 18. f4 Qe7 19. Bxe4 fxe4 20. Nd4 Raf8 21. Rf2 g5 22. g3 gxf4 23. Rxf4 Rxf4 24. gxf4 Rf6 25. Kh1 Rg6 26. Qf2 (26. f5 $5 Rg5 27. Qf2 $11) 26... Bh3 27. Rg1 Kf7 28. Rxg6 (28. Rg5 $5 ) 28... hxg6 $11 {[%emt 0:00:03][%mdl 4096] Endgame KQB-KQN} 29. Qg3 Bd7 30. h4 a5 31. h5 gxh5 32. f5 axb4 33. Qg6+ Kf8 34. Qxh5 Kg8 {[%emt 0:02:15] aiming for ...Qh7.} (34... Qxc5 35. f6 Qc1+ 36. Kg2 Qd2+ 37. Kf1 Qd3+ 38. Kf2 Qd2+ 39. Ne2 $18) 35. Kh2 $2 (35. Qg6+ Kh8 36. Qg4 Qh7+ 37. Kg2 b3 38. Nxb3 Qxf5 39. Qxf5 Bxf5 $17) (35. Qg4+ $11 Qg7 36. Qf4) 35... Qh7 $1 $19 (35... Qxc5 36. Qg6+ Kh8 37. Qf7 (37. Qf6+ Kg8 $16) 37... Qd6+ 38. Kg2 $18) 36. Qxh7+ Kxh7 {[%emt 0:00:01] KB-KN} 37. Kg3 {[%emt 0:00:00] [#] Strongly threatening Kf4.} Kg7 (37... Bxf5 $1 $19 38. Kf2 (38. Nxf5 $2 b3 $19) 38... Bh3) 38. Kf4 $2 {[%emt 0:00:03][%mdl 8192] White does not recover from this.} (38. Kf2 $17) 38... Kf6 39. a5 Bc8 40. Kg3 Bxf5 41. Kf2 Bg4 $2 (41... Kg5 $19 {is more deadly.} 42. Ke2 Bd7) 42. Ke1 $17 Bh3 43. Kd2 {[%emt 0:00:04] [#]} (43. a6 $17 bxa6 44. Nxc6) 43... Bf1 $1 $19 {[%emt 0:00:03] And now ...Bd3 would win.} 44. Nc2 $2 (44. Kc1 {was necessary.}) 44... b3 (44... Ke5 $142 {Threatens to win with ...Bb5.} 45. Kc1 Bc4) 45. Nd4 Bc4 46. Kc3 Kg5 47. Ne6+ $2 (47. a6 b2 48. Kxb2 Bxa6 49. Kc3) 47... Kg4 (47... Kh4 $142 {White must now prevent ...Kg3.} 48. a6 bxa6) 48. Nd8 (48. Nd4 $142 Kg3 49. a6 Bxa6 50. Nxb3) 48... Ba6 {[%emt 0:00:16] Black is clearly winning.} 49. Ne6 Kf3 50. Nd4+ Kxe3 {[%emt 0:00:03] ( -> ...Kf2)} 51. Nxb3 Kf2 {[%emt 0:00:18] Weighted Error Value: White=0.90/Black=0.51} 0-1

[Event "Czech Open-Rapid 2022"]
[Site "Pardubice"]
[Date "2022.07.21"]
[Round "6.43"]
[White "Laith, Kasib"]
[Black "Juros, Zbynek"]
[Result "1-0"]
[ECO "B50"]
[WhiteElo "2079"]
[BlackElo "1575"]
[Annotator "NA RC"]
[PlyCount "86"]
[EventDate "2022.07.20"]
[EventType "swiss"]
[EventCountry "CZE"]
[SourceTitle "playchess.com"]
[Source "ChessBase"]
[SourceQuality "1"]
[TimeControl "1200+10"]

1. e4 c5 2. Nf3 d6 3. g3 g6 4. d3 Bg7 5. Bg2 h6 6. c3 e5 7. O-O Ne7 8. Re1 O-O 9. h3 f5 10. Nbd2 f4 11. Nf1 g5 12. d4 cxd4 13. cxd4 Qe8 14. dxe5 dxe5 15. Bd2 Nbc6 16. Bc3 Qh5 17. N3h2 Qg6 18. Nf3 Be6 19. Qe2 Rf7 20. Rad1 Raf8 21. Rd6 b5 22. b4 a6 23. N1h2 Rd8 24. Red1 Rxd6 25. Rxd6 Bc4 26. Qd1 Rf6 27. Rxf6 Qxf6 28. Ng4 Qe6 29. Qa1 Ng6 30. a3 Qd6 31. Kh2 Kh7 32. Kg1 Kg8 33. Nd2 Nd4 34. Nxc4 bxc4 35. Qa2 Qe6 36. Bxd4 exd4 37. Bf1 Kh7 38. Qxc4 fxg3 39. Qxe6 gxf2+ 40. Nxf2 Nh4 41. Bxa6 Nf3+ 42. Kg2 Nh4+ 43. Kf1 h5 1-0

[Event "Czech Open-Rapid 2022"]
[Site "Pardubice"]
[Date "2022.07.21"]
[Round "6.44"]
[White "Danek, Pavel"]
[Black "Vavrinkova, Jitka"]
[Result "1-0"]
[ECO "A40"]
[WhiteElo "1851"]
[BlackElo "1548"]
[Annotator "NA RC COMBH"]
[PlyCount "39"]
[EventDate "2022.07.20"]
[EventType "swiss"]
[EventCountry "CZE"]
[SourceTitle "playchess.com"]
[Source "ChessBase"]
[SourceQuality "1"]
[TimeControl "1200+10"]

1. d4 e6 2. Nf3 d5 3. Bg5 Nf6 4. Nbd2 Be7 5. e3 O-O 6. Bd3 Nbd7 7. c3 c5 8. Qc2 c4 9. Be2 Re8 10. e4 h6 11. Bh4 Nf8 12. e5 N6h7 13. Bxe7 Qxe7 14. O-O f6 15. Rae1 f5 16. h3 Qf7 17. Nh2 Ng6 18. Bh5 Ng5 19. Nhf3 Ne4 20. Nh4 1-0

[Event "Czech Open-Rapid 2022"]
[Site "Pardubice"]
[Date "2022.07.21"]
[Round "7.1"]
[White "Donchenko, Alexander"]
[Black "Korobov, Anton"]
[Result "1-0"]
[ECO "A88"]
[WhiteElo "2640"]
[BlackElo "2692"]
[Annotator "TA"]
[PlyCount "93"]
[EventDate "2022.07.20"]
[EventType "swiss"]
[EventCountry "CZE"]
[SourceTitle "playchess.com"]
[Source "ChessBase"]
[SourceQuality "1"]
[TimeControl "1200+10"]

1. Nf3 g6 2. d4 Bg7 3. c4 f5 4. g3 Nf6 5. Bg2 O-O 6. Nc3 d6 7. O-O c6 {[%emt 0:00:09] is currently scoring better than 7...Qe8.} 8. Re1 Nbd7 {[%emt 0:00:36] A88: Dutch Defence: Leningrad System: 5 Nf3 0-0 6 0-0 d6 7 Nc3 c6.} 9. e4 Nxe4 10. Nxe4 fxe4 {[%emt 0:00:02] White is slightly better.} 11. Rxe4 Nf6 12. Re1 Bf5 13. Qe2 Qb6 (13... e5 $5) 14. b3 {[%emt 0:01:02] [#]} a5 $146 ({Predecessor:} 14... Rae8 15. Bb2 d5 16. Ng5 e6 17. Nf3 Ne4 18. c5 Qa5 19. a3 g5 20. b4 Qa4 {0-1 (70) Pesotskiy,M (2211)-Mamedyarov,S (2770) Chess.com INT 2021}) 15. Ba3 (15. Qxe7 $2 Rae8 16. Qxd6 Rxe1+ 17. Nxe1 Ne8 18. Bd5+ Kh8 $19) 15... Rfe8 16. Rad1 a4 17. b4 Qc7 18. h3 Rad8 19. b5 cxb5 20. cxb5 Rc8 21. g4 Bd7 22. Ng5 (22. Rc1 $16 Qa5 23. Rxc8 Rxc8 24. Rb1 (24. Qxe7 $2 Re8 $19)) 22... Qb6 (22... Qc4 $11 {should be considered.}) 23. Ne6 Bxb5 (23... Qxb5 $14 24. Qxb5 Bxb5) 24. Qb2 ({White should play} 24. Qd2 $1 $18) 24... Qa5 $16 25. Bb4 (25. Bxb7 $6 Rb8 26. Bb4 Qb6 $14) 25... a3 26. Bxa3 ({Resist} 26. Bxa5 axb2 27. Rd2 Bc6 $14) ({Don't play} 26. Qxa3 Qxa3 27. Bxa3 Bc6 $14) ({Better is} 26. Qd2 $16 Qa4 27. Re3 (27. Bxb7 $2 Rc2 $19) (27. Nxg7 Kxg7 28. Rc1 Rxc1 $16)) 26... Bh8 (26... Bc4 $1 $14) 27. Bb4 $36 {[%emt 0:00:19][%mdl 2048] Keeping Black busy. White is more active.} Qa6 {[%emt 0:01:18] [#]} (27... Qa4 $16 {keeps fighting.}) 28. g5 $1 $18 Nh5 29. Bd5 Bc4 30. Nc7+ Bxd5 31. Nxa6 bxa6 32. Rc1 {[%emt 0:00:42] Black must now prevent Rxc8.} Rb8 {[%emt 0:00:45] And now ...a5 would win.} 33. Qd2 Ng7 $2 {[%emt 0:00:18] [#]} (33... Bg7 34. Ba5 Bf8) 34. Rxe7 $3 {[%emt 0:01:14][%mdl 512] White is clearly winning.} Rxe7 (34... Nf5 35. Rxe8+) 35. Bxd6 Nf5 (35... Ree8 $142 36. Bxb8 Rxb8) 36. Bxb8 Bxd4 37. Rc8+ Kf7 38. Rc7 Rxc7 39. Bxc7 Nh4 40. Qf4+ Nf5 41. Be5 Bxe5 42. Qxe5 Bxa2 43. Qh8 Ng7 44. Qxh7 a5 45. Qh4 Be6 46. Qf4+ Kg8 47. h4 {[%emt 0:00:04] Weighted Error Value: White=0.14 (very precise) /Black=0.36} 1-0

[Event "Czech Open-Rapid 2022"]
[Site "Pardubice"]
[Date "2022.07.21"]
[Round "7.2"]
[White "Gressmann, Moritz"]
[Black "Harsha Bharathakoti"]
[Result "0-1"]
[ECO "A43"]
[WhiteElo "2114"]
[BlackElo "2547"]
[Annotator "TA"]
[PlyCount "66"]
[EventDate "2022.07.20"]
[EventType "swiss"]
[EventCountry "CZE"]
[SourceTitle "playchess.com"]
[Source "ChessBase"]
[SourceQuality "1"]
[TimeControl "1200+10"]

1. d4 Nf6 2. Nf3 c5 3. d5 b5 4. Bg5 g6 5. Bxf6 exf6 6. Nbd2 {[%emt 0:01:25] [#] A43: Schmid Benoni.} f5 $146 ({Predecessor:} 6... d6 7. e4 a6 8. a4 b4 9. Bd3 Bg7 10. Nc4 O-O 11. a5 Qe7 12. O-O Nd7 13. Qd2 Rb8 14. c3 Rd8 15. Ra4 Ne5 16. Nfxe5 fxe5 17. Nb6 Bd7 18. Ra2 Bb5 19. cxb4 Rxb6 20. axb6 c4 21. Be2 Rc8 22. Ra3 {1-0 (22) Horvath,J (2535)-Amrein,R (2245) Pecs 1997}) 7. e4 fxe4 8. Nxe4 {[%emt 0:00:06] White is slightly better.} f5 9. Ned2 {[%emt 0:00:38] Pair of Knights!} b4 10. Nc4 (10. Qe2+ {is more complex.} Kf7 11. O-O-O d6 12. h4) 10... d6 11. h4 $36 {[%emt 0:01:03][%mdl 2048] White has good play.} h6 12. Qe2+ Kf7 13. O-O-O Qf6 (13... Rh7 $11) 14. Re1 $16 Bg7 $2 {[%emt 0:01:33] [#]} ({Black should try} 14... Kg7 $14) 15. Kb1 $2 (15. Ng5+ $1 $18 hxg5 16. hxg5 Qxg5+ 17. Kb1) 15... Rf8 ({Black should play} 15... Rd8 $14) 16. Ng5+ hxg5 (16... Kg8 $1 $14) 17. hxg5 Qd8 18. f4 $2 (18. Rh7 $2 Kg8 19. Rh3 f4 $19) (18. Qe3 $1 $16) 18... a5 (18... Kg8 $6 19. g4 $11) 19. g3 (19. Rh7 Ra7 20. Qe3 Rg8 $17) (19. g4 $142 fxg4 20. Qf2 (20. Rh7 $2 Ra7 $19)) 19... Ra7 $17 (19... Rh8 $2 20. Rxh8 Bxh8 21. Nxd6+ $1 Kg8 22. Qe8+ Qxe8 23. Rxe8+ Kh7 24. Nxc8 $18) 20. Rh7 Kg8 21. Qh2 (21. Rh1 $17) 21... Re7 $19 22. Be2 Ba6 {[%emt 0:00:02] aiming for ...Bxc4.} ({Avoid the trap} 22... Rfe8 $2 23. Rh1 $17) 23. Rh1 {[%emt 0:00:43] Hoping for g4.} Bxc4 24. Bxc4 Rfe8 $1 {[%emt 0:00:15] ( -> ...Re1+)} 25. Be2 Nd7 {[%emt 0:02:40] Strongly threatening ...Nf8.} (25... Rxe2 {gets mated.} 26. Rxg7+ $1 Kxg7 27. Qh7+ Kf8 28. Qh8+ Kf7 29. Rh7#) 26. g4 {[%emt 0:00:16] [#]} (26. Rh8+ $142 Kf7 27. Rh7) 26... Nf8 $1 {[%emt 0:00:19] Black is clearly winning.} (26... Rxe2 {[#] leads to mate.} 27. Rxg7+ $1 Kxg7 28. Qh7+ Kf8 29. Qh8+ Kf7 30. Rh7#) 27. Rxg7+ Rxg7 28. Qh8+ Kf7 29. gxf5 Rxe2 30. f6 Rg8 31. Rh7+ Nxh7 32. Qxh7+ Kf8 33. Qh6+ Ke8 {[%emt 0:00:02] Weighted Error Value: White=1.21/Black=0.25 (precise)} 0-1

[Event "Czech Open-Rapid 2022"]
[Site "Pardubice"]
[Date "2022.07.21"]
[Round "7.3"]
[White "Cerveny, Martin"]
[Black "Plat, Vojtech"]
[Result "1/2-1/2"]
[ECO "A41"]
[WhiteElo "2396"]
[BlackElo "2554"]
[Annotator "TA"]
[PlyCount "208"]
[EventDate "2022.07.20"]
[EventType "swiss"]
[EventCountry "CZE"]
[SourceTitle "playchess.com"]
[Source "ChessBase"]
[SourceQuality "1"]
[TimeControl "1200+10"]

1. d4 d6 2. Nf3 g6 3. g3 Bg7 4. Bg2 Nd7 5. O-O e5 6. dxe5 dxe5 7. Nc3 Ne7 8. e4 O-O 9. b3 Nc6 10. Ba3 Re8 11. Nd5 Nd4 12. c3 Nb5 13. Bb2 c6 14. Ne3 Nc5 15. a4 Nd6 16. Nd2 b6 17. Ba3 Ba6 18. Re1 Qf6 ({Black should try} 18... Nd3 $11) 19. Bxc5 (19. b4 $5 Nd3 20. Rf1 $14) 19... bxc5 20. Bf1 Bc8 21. Nec4 Rd8 22. Qe2 Nxc4 23. Nxc4 Rb8 24. Na5 Bh6 25. Red1 Be6 26. Rxd8+ Rxd8 27. Rd1 Rb8 (27... Bf8 $14) 28. Nxc6 (28. Rd6 $16) 28... Rxb3 $11 29. Nxa7 ({Reject} 29. Rd8+ Bf8 30. Qd1 Kg7 31. Nxa7 Rb2 $11) 29... Ra3 30. Nb5 Rxa4 31. Nc7 Ra2 32. Qe1 Bb3 33. Ra1 Rxa1 34. Qxa1 Qc6 35. Qa7 Bf8 36. Qb8 Bc2 37. Nd5 Qd6 38. Qxd6 Bxd6 39. f3 Bb3 40. Ne3 Kg7 41. Bc4 Ba4 42. Kf2 Bd7 43. Bd3 Bc7 44. g4 Ba5 45. Nd5 Be6 46. c4 h5 47. h3 Bd8 48. Kg3 Kh6 49. Bc2 Ba5 50. Ba4 Be1+ 51. Kg2 Kg5 52. Bb5 hxg4 53. hxg4 Ba5 54. Kg3 Be1+ 55. Kg2 f5 56. gxf5 gxf5 57. Nc7 (57. Kf1 $5 Ba5 58. exf5 Bxf5 59. Ke2 $11) 57... Bf7 58. Nd5 fxe4 59. fxe4 Bh5 60. Ba6 Bd2 61. Kg3 Bc1 62. Bb5 Bb2 63. Ba6 Bd4 64. Bb5 Bg6 65. Kf3 Kh4 66. Nf6 $1 Bf7 67. Ba6 Be6 68. Bb5 Bf7 69. Ba6 Kg5 70. Nd5 Bh5+ 71. Kg3 Bd1 72. Bb5 Bc2 73. Kf3 Kh4 74. Bd7 Bb3 75. Nb6 Bd1+ 76. Kg2 Be2 (76... Bc2 $5 77. Bf5 Kg5 $17) 77. Be6 Bd1 78. Bd7 Bb3 79. Kf3 Bc3 80. Ba4 Ba2 81. Ke3 Bb1 82. Kf3 Kh3 83. Bc6 Bd4 84. Bd7+ Kh2 85. Bc6 Kh3 86. Bd7+ Kh4 87. Ba4 Bd3 88. Bd7 Bc2 89. Nd5 Bd1+ 90. Kg2 Bg4 91. Ba4 Bh3+ 92. Kf3 Bf1 93. Bb5 Kh3 94. Nf6 $1 Bg2+ 95. Ke2 Kg3 (95... Kh4 $5 ) 96. Bd7 Bf3+ 97. Kd3 Kf2 98. Be6 Be2+ 99. Kc2 Ke3 100. Bd5 $1 Bd3+ 101. Kb3 Be2 102. Ka4 Bb2 103. Kb5 Kd4 104. Ne8 Bxc4+ 1/2-1/2

[Event "Czech Open-Rapid 2022"]
[Site "Pardubice"]
[Date "2022.07.21"]
[Round "7.4"]
[White "Stocek, Jiri"]
[Black "Dobrowolski, Piotr"]
[Result "1-0"]
[ECO "A40"]
[WhiteElo "2548"]
[BlackElo "2423"]
[Annotator "TA"]
[PlyCount "69"]
[EventDate "2022.07.20"]
[EventType "swiss"]
[EventCountry "CZE"]
[SourceTitle "playchess.com"]
[Source "ChessBase"]
[SourceQuality "1"]
[TimeControl "1200+10"]

1. d4 e6 2. c4 c5 3. d5 exd5 4. cxd5 d6 5. e4 g6 6. Ne2 {[%emt 0:00:14] A43: Schmid Benoni.} Bg7 7. Nec3 Ne7 {[%emt 0:00:08] [#]} 8. h4 $146 {[%emt 0:00:12] White has an edge.} ({Predecessor:} 8. Bb5+ Bd7 9. Bd3 O-O 10. Nd2 Na6 11. O-O f5 12. exf5 Nxf5 13. Nde4 Be5 14. Ng5 {0-1 (39) Franic,M (2392)-Horvath,C (2534) Sibenik 2006}) 8... h5 9. Be2 ({White should play} 9. Bf4 $16) 9... a6 {[%emt 0:00:08] Prevents Nb5.} 10. a4 Nd7 11. Bg5 Ne5 12. Na3 Rb8 13. Nc4 Nxc4 14. Bxc4 O-O 15. Qd2 Kh7 16. O-O Qd7 17. a5 {[%emt 0:00:27] White is more active.} b5 {[%emt 0:00:34] Inhibits Na4.} 18. axb6 Rxb6 19. Rfe1 f6 20. Bf4 g5 $1 21. Bh2 (21. hxg5 $16 {Bd3 is the strong threat.} Ng6 22. Bh2) 21... Ng6 $14 22. hxg5 fxg5 23. e5 $36 {[%emt 0:03:09][%mdl 2048] White has some pressure.} Bxe5 24. Bd3 {[%emt 0:00:29] Hoping for Na4.} Bxh2+ 25. Kxh2 Qd8 26. Qc2 (26. Qe2 Kh6 27. Bxg6 Kxg6 $17) 26... Qf6 27. Ne4 Qxb2 (27... Qf4+ $11 {remains equal.} 28. Ng3 Qf7) 28. Qd1 (28. Nxg5+ Kh6 29. Qxb2 Rxb2 $15) (28. Qxb2 $16 Rxb2 29. Nxd6) 28... Kh6 $2 {[%emt 0:01:35][%mdl 8192] [#] Loses the game.} ({Don't play} 28... Qe5+ 29. Ng3 Qf6 30. Qxh5+ Kg7 31. Bxg6 (31. Rab1 $2 Rxb1 32. Bxb1 Rh8 $19) 31... Qxg6 32. Re7+ Rf7 33. Rxf7+ Kxf7 34. Qh8 $11) (28... Qd4 $1 $15 {stays ahead.} 29. Nxg5+ Kg7) 29. Rb1 $1 $18 {[%emt 0:01:22][%mdl 64] Skewer} ({Avoid the trap} 29. Ng3 $2 Bg4 30. Re6 Bxd1 $19) 29... Qe5+ 30. Ng3 Bg4 {[%emt 0:00:05][%cal Oe5d4] aiming for ...Qd4!} 31. Qc2 h4 32. Rxe5 hxg3+ 33. Kxg3 Rxb1 {[%emt 0:00:02] [#]} 34. Bxg6 $1 {[%emt 0:00:21] Threatening mate with Re7.} Rg1 (34... Rb7 35. Re1) 35. Re7 {[%emt 0:00:38] Weighted Error Value: White=0.24 (precise) /Black=0.52} 1-0

[Event "Czech Open-Rapid 2022"]
[Site "Pardubice"]
[Date "2022.07.21"]
[Round "7.5"]
[White "Pulpan, Jakub"]
[Black "Kraus, Ondrej"]
[Result "1-0"]
[ECO "A05"]
[WhiteElo "2424"]
[BlackElo "1993"]
[Annotator "TA"]
[PlyCount "41"]
[EventDate "2022.07.20"]
[EventType "swiss"]
[EventCountry "CZE"]
[SourceTitle "playchess.com"]
[Source "ChessBase"]
[SourceQuality "1"]
[TimeControl "1200+10"]

1. Nf3 Nf6 2. b3 d5 3. Bb2 c5 4. g3 Nc6 5. d4 Bg4 (5... Qa5+ {keeps more tension.} 6. Nbd2 Ne4 7. dxc5 e5) 6. Nbd2 {[%emt 0:00:13] A06: Réti Opening: 1 Nf3 d5.} e6 {[%emt 0:00:12] [#]} 7. Bg2 $146 ({Predecessor:} 7. h3 Bh5 8. Bg2 Rc8 9. c4 dxc4 10. Nxc4 b5 11. Nce5 Bxf3 12. Nxf3 cxd4 13. Nxd4 {0-1 (27) Schlippe,A-Schiff,A (2160) St Ingbert 1998}) 7... cxd4 8. Nxd4 {[%emt 0:00:02] Black is slightly better.} Bd6 9. O-O O-O 10. c4 e5 11. Nb5 (11. Nxc6 $14 bxc6 12. h3) 11... Bb8 (11... d4 $1 $11 {remains equal.}) 12. cxd5 $16 Nxd5 13. Nc4 Nb6 14. Ba3 Qxd1 15. Rfxd1 ({Much less strong is} 15. Raxd1 Bxe2 16. Bxf8 Kxf8 $14) 15... Bxe2 16. Nxb6 {[%emt 0:00:48] 0x0.0013b8bce623dp-1022s more active pieces. The black rooks are badly placed.} (16. Bxf8 {feels hotter.} Bxd1 17. Rxd1 Kxf8 18. Nxb6 axb6 19. Rd7) 16... axb6 17. Bxf8 Bxd1 18. Rxd1 Kxf8 {[%emt 0:00:14] [#]} 19. Rd7 $1 Nd4 (19... Rxa2 $2 20. Bd5 Na7 21. Nc3 $18 (21. Rxf7+ Ke8 $16) (21. Rxb7 Nxb5 22. Rxb8+ Ke7 $11)) 20. Bxb7 Ke8 $2 (20... Rxa2 $16 {is tougher.} 21. Nxd4 exd4) 21. Rxd4 {[%emt 0:00:06] White took control after the opening.  Weighted Error Value: White=0.07 (flawless) /Black=0.47} 1-0

[Event "Czech Open-Rapid 2022"]
[Site "Pardubice"]
[Date "2022.07.21"]
[Round "7.6"]
[White "Neuman, Petr"]
[Black "Akesson, Ralf"]
[Result "0-1"]
[ECO "A30"]
[WhiteElo "2378"]
[BlackElo "2427"]
[Annotator "TA"]
[PlyCount "148"]
[EventDate "2022.07.20"]
[EventType "swiss"]
[EventCountry "CZE"]
[SourceTitle "playchess.com"]
[Source "ChessBase"]
[SourceQuality "1"]
[TimeControl "1200+10"]

1. c4 Nf6 2. Nc3 c5 3. g3 e6 4. Nf3 b6 5. Bg2 Bb7 6. O-O Be7 7. Re1 d5 8. cxd5 Nxd5 9. e4 Nb4 10. d4 cxd4 11. Nxd4 O-O 12. Be3 N8c6 13. Nxc6 Nxc6 14. Qa4 {[%emt 0:00:25] A30: Symmetrical English: Double Fianchetto and Hedgehog.} a6 15. Red1 Qc7 16. Bf4 {[%emt 0:00:42] White is slightly better.} Qc8 17. Rac1 {[%emt 0:00:57] [#] With the idea Qb3.} b5 $146 ({Predecessor:} 17... Rd8 18. Nd5 Bc5 19. b4 exd5 20. bxc5 b5 21. Qc2 d4 22. Bd6 Qe6 23. Qb2 Re8 {0-1 (59) Wolfsteiner,H (2195)-Schnelzer,R (2285) Bayern 1999}) 18. Qc2 Rd8 {[%emt 0:00:33] [#]} (18... Qe8 $11) 19. Rxd8+ ({White has to play} 19. Nd5 $1 $16 exd5 20. exd5) 19... Qxd8 $11 20. Rd1 Qe8 21. Be3 Rc8 22. Qd2 Ne5 {[%emt 0:00:27] Inhibits Qd7.} 23. Qe2 b4 $1 24. Nb1 Bc6 25. Qxa6 Ra8 {[%emt 0:01:34][%mdl 64] Skewer} 26. Qe2 Rxa2 {[%emt 0:00:20] ...Bb5 is the strong threat.} 27. Bd4 Bb5 28. Qe3 Nc6 {[%emt 0:01:13] Black is more active.} 29. e5 $2 (29. Bf1 $17 Bxf1 30. Kxf1) 29... Nxd4 (29... Qd7 $19 30. Rd2 Nxd4 31. Rxd4 Qc7) 30. Qxd4 $17 Qc8 $36 {[%emt 0:00:37][%mdl 2048] Keeping White busy.} 31. Bf1 (31. Qd2 $17) 31... Ba4 $19 {[%emt 0:01:02] A strong pair of Bishops.} 32. Re1 Qc2 33. Nd2 Qxb2 34. Qxb2 Rxb2 35. Ne4 b3 (35... Bc2 $142 36. Bc4 b3) 36. Bd3 h6 37. Kf1 (37. Rc1 $142) 37... Ra2 (37... Ba3 $19 {[%cal Ob2c2] aiming for ...Rc2!} 38. Ra1 Ra2) 38. Nc3 (38. Rb1 $17 {was necessary.}) 38... Rd2 39. Nxa4 {[%emt 0:00:12] Threatens to win with Be4.} Rxd3 {[%emt 0:00:02][%mdl 4096] Endgame KRB-KRN} 40. Rb1 Ba3 41. Ke2 Rd4 42. Nc3 Rb4 43. Kd3 Rb8 ({Black should try} 43... b2 $19 {White must now prevent ...g5.} 44. Ne4 Rb5) 44. Ne4 (44. Kc4 $1 $11) 44... b2 45. Nd2 g5 (45... Rd8+ $19 46. Kc2 Rc8+ 47. Kb3 Bc5 48. Rxb2 Bxf2) 46. Nc4 $17 Bc5 47. Rxb2 Rxb2 48. Nxb2 Bxf2 {[%emt 0:00:02] KB-KN} 49. g4 Kf8 50. Ke4 Ke7 51. Nd3 Bg1 52. h3 Kd7 53. Ne1 Kc6 54. Nf3 Bf2 55. Nd2 Kc5 56. Nb3+ Kb4 57. Nc1 Kc4 58. Kf3 Bb6 59. Ke4 Kc3 60. Ne2+ $2 (60. Nd3 $17) 60... Kd2 $1 $19 61. Ng3 $2 (61. Kf3 Kd3 62. Nc1+ Kd4 63. Kf2) 61... Ke1 62. Nh5 Kf2 63. Nf6 {[%emt 0:00:01] [#]} Bc5 $1 {[%emt 0:00:33] Hoping for ...Kg3.} 64. Ne8 Kg3 (64... Kg2 $142 65. Nd6 Kxh3 66. Nxf7 Kxg4 67. Nxh6+ Kh3) 65. Nd6 Kxh3 66. Nxf7 Kxg4 {[%emt 0:00:07] ( -> ...h5)} 67. Nxh6+ Kh4 68. Nf7 Be7 69. Kf3 {[%emt 0:00:31] [#]} Kh3 $1 ({And not} 69... g4+ 70. Kg2 $11) 70. Nh6 Bc5 71. Ng4 Bd4 72. Nh6 Bxe5 {[%emt 0:00:09] Black mates.} 73. Ng4 Bd4 74. Nh6 e5 {[%emt 0:00:03] Weighted Error Value: White=0.42/Black=0.23 (precise)} 0-1